cohdb
Replays
Latest Replays
All Replays
Popular Replays
Top Player Replays
Match Explorer
How It Works
Community
CoH3 Stats
Reddit
Sign in to upload your games and track your stats! →
Sign in with Steam
Match 41987742
Unlisted
Match 41987742
Overview
Messages
Build Orders
End
Construct Barracks
Engineer Squad
Selects Heavy Weapons
Riflemen Squad
1⁄4-ton 4x4 Truck
Construct Weapon Support Center
M1919 Machine Gun Team
Grenade Package
Mechanized Support Center
Selects M2HB .50cal Heavy Machine Gun
M3 Armored Personnel Carrier
Riflemen Squad
Selects Assault Carriers
Mortar Pit
Riflemen Squad
Designate Forward Repair Station
M3 Assault Carrier
Construct Tank Depot
Mortar Pit
Selects Exchangeable Parts
M4A1 Sherman Medium Tank
Riflemen Squad
M4A1 76mm Conversion
Rapid Repairs
[GG]Onkel Stonkel
[GG]Quiq
Xavi!
mcagonlostia
0
0
Comments
sign in to comment!
No comments posted yet!